[Event "Titled Tuesday Blitz December 20 Early 2022"]
[White "Sadykov_Ramil"]
[Black "romulocardoso"]
[WhiteElo "2546"]
[BlackElo "2390"]
[Result "0-1"]
[Round "04"]
[TimeControl "180+2"]
[Date "2022.12.20"]
[WhiteClock "0:00:01"]
[BlackClock "0:00:06"]

1. e4 c5 2. Nf3 g6 3. d4 cxd4 4. Nxd4 Nc6 5. c4 Bg7 6. Nc2 Nf6 7. Nc3 O-O 8. Be3 d6 9. Be2 Be6 10. O-O Rc8 11. f3 Nd7 12. Qd2 Nb6 13. b3 Na5 14. Nd4 Bxc4 15. bxc4 Naxc4 16. Qd3 Nxe3 17. Qxe3 Nc4 18. Bxc4 Rxc4 19. Nce2 Qb6 20. Rfd1 e5 21. Rab1 exd4 22. Rxb6 dxe3 23. Rxb7 Rc2 24. Kf1 Rxa2 25. Rc1 a5 26. Rcc7 a4 27. g4 a3 28. Ra7 Be5 29. f4 Bg7 30. h4 Bb2 31. Rc2 Ra1+ 32. Kg2 Rb8 33. Kf3 a2 34. Kxe3 Rb3+ 35. Kd2 Rb4 36. Ke3 Rb3+ 37. Kf2 Rb8 38. Ra4 Rb3 39. Kg2 Kg7 40. f5 Rb5 41. Kf2 d5 42. exd5 Rxd5 43. Nf4 Rd4 44. Rxd4 Bxd4+ 45. Ke2 Rh1 0-1


[Site "https://www.chess.com"]

[Event "Titled Tuesday Blitz December 20 Early 2022"]
[White "Salles, Louis"]
[Black "Kazgildy, Fariza"]
[WhiteFideId "20641826"]
[BlackFideId "13724860"]
[WhiteElo "2287"]
[BlackElo "1189"]
[Result "1-0"]
[Round "04"]
[TimeControl "180+2"]
[Date "2022.12.20"]
[WhiteClock "0:01:29"]
[BlackClock "0:00:31"]

1. d4 d5 2. c4 e6 3. Nc3 Nf6 4. Bg5 Be7 5. e3 O-O 6. Nf3 b6 7. Qc2 Bb7 8. cxd5 Nxd5 9. Bxe7 Qxe7 10. Be2 c5 11. O-O Nd7 12. Rfd1 Rac8 13. Rac1 cxd4 14. Nxd4 Nxc3 15. bxc3 Ne5 16. c4 Qg5 17. Bf1 Ng6 18. f4 Qc5 19. Qf2 Rfd8 20. h3 e5 21. Nb3 Qc6 22. f5 Ne7 23. Rxd8+ Rxd8 24. c5 Qe4 25. cxb6 axb6 26. f6 gxf6 27. Rc4 Qg6 28. Rg4 Rd1 29. Rxg6+ Nxg6 30. Kh2 Kg7 31. Be2 Rd6 32. Bf3 e4 33. Bg4 Ne5 34. Nd4 Nxg4+ 35. hxg4 Rd5 36. Nf5+ Kf8 37. Qf4 Rd2 38. Qb8+ 1-0


[Site "https://www.chess.com"]

[Event "Titled Tuesday Blitz December 20 Early 2022"]
[White "Salomez, Maxime"]
[Black "Noshin, Anjum"]
[WhiteFideId "652079600"]
[BlackFideId "10218564"]
[WhiteElo "1359"]
[BlackElo "1946"]
[Result "1-0"]
[Round "04"]
[TimeControl "180+2"]
[Date "2022.12.20"]
[WhiteClock "0:00:02"]
[BlackClock "0:00:01"]

1. e4 e5 2. Nf3 Nc6 3. Bc4 Nf6 4. d3 Bc5 5. Nbd2 d6 6. h3 a6 7. a4 h6 8. c3 a5 9. Bb3 Qe7 10. Nf1 Be6 11. Ne3 Rd8 12. g4 d5 13. exd5 Nxd5 14. O-O Nxe3 15. fxe3 O-O 16. d4 Bxb3 17. Qxb3 e4 18. Ne1 Bd6 19. Ng2 b6 20. Bd2 Qe6 21. Qxe6 fxe6 22. Nf4 e5 23. Ne6 Rxf1+ 24. Rxf1 Re8 25. d5 Ne7 26. c4 c6 27. g5 hxg5 28. Nxg5 cxd5 29. Nf7 Bb8 30. Bc3 dxc4 31. Nxe5 Bxe5 32. Bxe5 Nc6 33. Bc3 Rd8 34. Rf4 Re8 35. Rg4 Re7 36. Rg6 Ne5 37. Rxb6 Nf3+ 38. Kf2 Nh4 39. Rb8+ 1-0


[Site "https://www.chess.com"]

[Event "Titled Tuesday Blitz December 20 Early 2022"]
[White "Sam_ChessMood"]
[Black "Szpar, Milosz"]
[BlackFideId "1184989"]
[WhiteElo "2882"]
[BlackElo "2447"]
[Result "1-0"]
[Round "04"]
[TimeControl "180+2"]
[Date "2022.12.20"]
[WhiteClock "0:00:17"]
[BlackClock "0:00:03"]

1. d4 Nf6 2. c4 c5 3. d5 e6 4. Nc3 exd5 5. cxd5 d6 6. e4 g6 7. f4 Bg7 8. Bb5+ Nfd7 9. a4 O-O 10. Nf3 Na6 11. O-O Nb4 12. h3 a6 13. Bd3 Qc7 14. Bb1 Rb8 15. a5 b5 16. axb6 Nxb6 17. f5 a5 18. Kh1 Ba6 19. Rf2 Nc4 20. Nh2 Bd4 21. Rf4 Ne5 22. Ng4 Ned3 23. Bxd3 Nxd3 24. Rf3 c4 25. Qd2 f6 26. Rg3 Kh8 27. fxg6 hxg6 28. Qe2 f5 29. Be3 Bxc3 30. bxc3 fxg4 31. Bd4+ Ne5 32. Qxg4 Qh7 33. Qxg6 Qxg6 34. Rxg6 Bb5 35. Rxd6 Rbe8 36. Rxa5 Rf1+ 37. Kh2 Kg8 38. Rxb5 Nd3 39. Rb7 Rxe4 40. Rd8+ Rf8 41. Rg7+ Kh8 42. Rxf8# 1-0


[Site "https://www.chess.com"]

[Event "Titled Tuesday Blitz December 20 Early 2022"]
[White "Sanan_Sjugirov"]
[Black "Tobias_Koelle"]
[WhiteElo "2933"]
[BlackElo "2779"]
[Result "1-0"]
[Round "04"]
[TimeControl "180+2"]
[Date "2022.12.20"]
[WhiteClock "0:00:06"]
[BlackClock "0:00:19"]

1. e4 c5 2. Nf3 g6 3. c3 d5 4. Qa4+ Bd7 5. Qb3 Bc6 6. Ne5 c4 7. Nxc6 bxc6 8. Qa4 Nf6 9. exd5 Qxd5 10. Qxc4 Qd6 11. Be2 Bg7 12. O-O O-O 13. d4 Nbd7 14. Rd1 Nb6 15. Qd3 Rad8 16. Qg3 Qd7 17. Nd2 Rfe8 18. Nf3 c5 19. Be3 cxd4 20. Bxd4 Qc8 21. a4 Nc4 22. b3 Nd6 23. Qe5 Nde4 24. c4 Qb7 25. Qb5 Qc7 26. Be5 Qc8 27. h3 a6 28. Qb6 Qf5 29. Rxd8 Bh6 30. Rxe8+ Nxe8 31. Qd8 Kf8 32. Rd1 Nxf2 33. Kxf2 Qe4 34. Qd4 Qc2 35. Qd3 Qa2 36. Ra1 Qxa1 37. Bxa1 Nd6 38. c5 Nf5 39. Qd8# 1-0


[Site "https://www.chess.com"]

[Event "Titled Tuesday Blitz December 20 Early 2022"]
[White "Sargsyan, Sargis Vach."]
[Black "Sapon, Ilia"]
[WhiteFideId "13310810"]
[BlackFideId "13504746"]
[WhiteElo "2314"]
[BlackElo "2074"]
[Result "0-1"]
[Round "04"]
[TimeControl "180+2"]
[Date "2022.12.20"]
[WhiteClock "0:00:18"]
[BlackClock "0:00:06"]

1. c4 e5 2. Nc3 Nf6 3. g3 Bb4 4. Bg2 O-O 5. e4 Bxc3 6. bxc3 a6 7. d3 b5 8. c5 Bb7 9. Ne2 d5 10. cxd6 Qxd6 11. f4 Nc6 12. O-O Rad8 13. fxe5 Nxe5 14. d4 Bxe4 15. Bxe4 Nxe4 16. Bf4 f6 17. Qb3+ Kh8 18. dxe5 fxe5 19. Bc1 Qc5+ 20. Nd4 exd4 21. Bf4 dxc3+ 22. Kg2 Qc6 23. Kh3 Rfe8 24. Rac1 Rd5 25. g4 Rd3+ 26. Bg3 Nd2 27. Qf7 Nxf1 28. Rxf1 Qh6+ 29. Kg2 Rd2+ 30. Kg1 Qb6+ 31. Bf2 Qc6 32. Be3 Qg2# 0-1


[Site "https://www.chess.com"]

[Event "Titled Tuesday Blitz December 20 Early 2022"]
[White "Schattmann, Alfred"]
[Black "Milos, Gilberto"]
[WhiteFideId "4662377"]
[BlackFideId "2100029"]
[WhiteElo "1746"]
[BlackElo "2575"]
[Result "1/2-1/2"]
[Round "04"]
[TimeControl "180+2"]
[Date "2022.12.20"]
[WhiteClock "0:02:20"]
[BlackClock "0:02:42"]

1. c4 Nf6 2. Nf3 g6 3. g3 Bg7 4. b3 O-O 5. Bb2 c5 6. Bg2 d5 7. cxd5 Nxd5 8. Bxg7 Kxg7 9. Qc1 b6 10. Qb2+ Kg8 11. d4 cxd4 12. Nxd4 Bb7 13. O-O Nd7 14. Rd1 1/2-1/2


[Site "https://www.chess.com"]

[Event "Titled Tuesday Blitz December 20 Early 2022"]
[White "Schless, Sebastian"]
[Black "Rud_Makarian"]
[WhiteFideId "4697987"]
[WhiteElo "2056"]
[BlackElo "2889"]
[Result "1-0"]
[Round "04"]
[TimeControl "180+2"]
[Date "2022.12.20"]
[WhiteClock "0:00:29"]
[BlackClock "0:00:03"]

1. e4 d6 2. Nc3 Nf6 3. f4 c5 4. Nf3 Nc6 5. Bb5 Bd7 6. O-O a6 7. Bxc6 Bxc6 8. d3 e6 9. Qe1 Be7 10. Qg3 g6 11. Bd2 b5 12. Kh1 b4 13. Nd1 a5 14. Ne3 Qc7 15. a3 Nh5 16. Qf2 f5 17. exf5 gxf5 18. Nc4 Bd5 19. Rae1 Qb7 20. Ng5 Rg8 21. Ne3 Bc6 22. Nxe6 h6 23. d4 Bh4 24. Ng7+ Rxg7 25. Qxh4 Kf8 26. d5 Bxd5 27. Rf2 Bf7 28. Nxf5 Rg6 29. Rfe2 Nf6 30. Nxd6 Qd5 31. f5 Rg4 32. Qxf6 1-0


[Site "https://www.chess.com"]

[Event "Titled Tuesday Blitz December 20 Early 2022"]
[White "ShahxaibKhan"]
[Black "CristobalBlanco"]
[WhiteElo "2382"]
[BlackElo "2476"]
[Result "0-1"]
[Round "04"]
[TimeControl "180+2"]
[Date "2022.12.20"]
[WhiteClock "0:00:07"]
[BlackClock "0:00:19"]

1. e4 c5 2. Nc3 Nc6 3. f4 e6 4. Nf3 Nge7 5. d4 d5 6. dxc5 dxe4 7. Qxd8+ Nxd8 8. Nxe4 Nd5 9. Nd6+ Bxd6 10. cxd6 f6 11. c4 Nb4 12. Kd1 b6 13. Bd2 Na6 14. Nd4 Nf7 15. Nb5 Kd7 16. a4 Nxd6 17. Nxd6 Kxd6 18. b4 Bb7 19. Bd3 Rhd8 20. Kc2 g6 21. Rhe1 Ke7 22. g4 Rd7 23. Rad1 Rad8 24. Bc3 Bf3 25. Rd2 Bxg4 26. c5 Bf5 27. Bxf5 Rxd2+ 28. Bxd2 gxf5 29. cxb6 axb6 30. Rg1 Kf7 31. Kc3 Nc7 32. a5 bxa5 33. bxa5 Nb5+ 34. Kc2 Nd4+ 35. Kd1 Nb3 36. Rg2 Nxa5 37. Ke2 Nc4 38. Bc3 Nd6 39. Bb4 Ne4 40. Rg3 Nxg3+ 41. hxg3 Rd4 42. Bd2 Re4+ 43. Be3 e5 44. Kf3 Ke6 45. fxe5 fxe5 46. Bh6 Rg4 47. Bg7 e4+ 48. Ke3 Rxg7 49. Kf2 Rg4 50. Kg2 Ke5 51. Kf2 f4 52. gxf4+ Kxf4 53. Ke2 Rg2+ 54. Kf1 Ra2 55. Kg1 Kf3 56. Kh1 Kg3 0-1


[Site "https://www.chess.com"]

[Event "Titled Tuesday Blitz December 20 Early 2022"]
[White "Shankland, Sam"]
[Black "GHANDEEVAM2003"]
[WhiteFideId "2004887"]
[WhiteElo "2711"]
[BlackElo "3050"]
[Result "1/2-1/2"]
[Round "04"]
[TimeControl "180+2"]
[Date "2022.12.20"]
[WhiteClock "0:00:24"]
[BlackClock "0:00:10"]

1. d4 Nf6 2. c4 e6 3. Nc3 Bb4 4. Qc2 Nc6 5. Nf3 d6 6. Bd2 O-O 7. a3 Bxc3 8. Bxc3 Qe7 9. e4 e5 10. d5 Nb8 11. Be2 a5 12. O-O Bg4 13. b4 Nbd7 14. h3 Bh5 15. Rfb1 Rfc8 16. Qd3 c6 17. Rc1 axb4 18. axb4 Rxa1 19. Bxa1 cxd5 20. exd5 e4 21. Qe3 Nxd5 22. cxd5 Rxc1+ 23. Qxc1 exf3 24. Bxf3 Bxf3 25. gxf3 h6 26. Qe3 Qg5+ 27. Qxg5 hxg5 28. Bd4 Nf6 29. Bxf6 gxf6 30. f4 Kg7 31. f5 Kf8 32. Kg2 Ke7 33. Kg3 Kf8 34. Kg4 Kg7 35. f4 Kh6 36. fxg5+ fxg5 37. h4 gxh4 38. Kxh4 f6 39. Kg4 b5 40. Kh4 Kg7 41. Kh5 Kh7 42. Kh4 Kh6 43. Kg4 Kg7 44. Kh4 Kh6 45. Kg4 Kg7 46. Kh4 Kh6 1/2-1/2


[Site "https://www.chess.com"]

[Event "Titled Tuesday Blitz December 20 Early 2022"]
[White "Shironin, Daniil Aleks"]
[Black "Ruzele, Darius"]
[WhiteFideId "55812198"]
[BlackFideId "12800104"]
[WhiteElo "2115"]
[BlackElo "2531"]
[Result "1/2-1/2"]
[Round "04"]
[TimeControl "180+2"]
[Date "2022.12.20"]
[WhiteClock "0:00:13"]
[BlackClock "0:00:12"]

1. c4 e6 2. Nc3 d5 3. d4 c5 4. cxd5 cxd4 5. Qxd4 Nc6 6. Qd1 exd5 7. e3 Nf6 8. Nf3 Bd6 9. Bd3 O-O 10. O-O Bg4 11. Be2 Re8 12. b3 Qd7 13. Bb2 Rad8 14. Nd4 Nxd4 15. Qxd4 Be5 16. Qd2 Bxc3 17. Bxc3 Ne4 18. Bxg4 Qxg4 19. Qd4 Nf6 20. Qxg4 Nxg4 21. Rad1 Rc8 22. Bd4 Rc2 23. h3 Ne5 24. Bxe5 Rxe5 25. Rc1 Rc6 26. Rfd1 Kf8 27. Kf1 Ke7 28. Ke2 Kd6 29. Kd3 f5 30. b4 a6 31. a4 Re4 32. b5 Rxc1 33. Rxc1 Rxa4 34. bxa6 Rxa6 35. g4 Ra2 36. f4 fxg4 37. hxg4 h6 38. Rb1 Kc6 39. Rc1+ Kd6 40. Rb1 Kc7 41. Kd4 Ra3 42. g5 hxg5 43. fxg5 Ra4+ 44. Kxd5 Ra5+ 45. Kd4 Rxg5 46. e4 Rg2 47. Rc1+ Kd7 48. Rb1 Kc6 49. Rc1+ Kd7 50. Rb1 Kc7 51. Rc1+ Kb8 52. Kd5 g5 53. e5 g4 54. e6 Rd2+ 55. Ke5 g3 56. Kf6 g2 57. e7 Re2 58. Kf7 Rf2+ 59. Ke6 Re2+ 60. Kf7 Rf2+ 61. Ke6 Re2+ 62. Kd7 Rd2+ 63. Ke8 Ka7 64. Rg1 Rf2 65. Kd7 Rd2+ 66. Ke6 Re2+ 67. Kf7 Rf2+ 68. Ke6 Re2+ 69. Kd7 Rd2+ 70. Ke6 Re2+ 1/2-1/2


[Site "https://www.chess.com"]

[Event "Titled Tuesday Blitz December 20 Early 2022"]
[White "Shockerlover"]
[Black "Barbis, Athanasios"]
[BlackFideId "4215800"]
[WhiteElo "1948"]
[BlackElo "1953"]
[Result "0-1"]
[Round "04"]
[TimeControl "180+2"]
[Date "2022.12.20"]
[WhiteClock "0:00:02"]
[BlackClock "0:00:02"]

1. d4 Nf6 2. Nf3 g6 3. c4 Bg7 4. Nc3 d5 5. g3 O-O 6. Bg2 dxc4 7. O-O c5 8. dxc5 Na6 9. Be3 Ng4 10. Bg5 f6 11. Bd2 Nxc5 12. Qc1 Nd7 13. Nb5 Nge5 14. Nbd4 Qb6 15. Be3 Qa6 16. Nd2 Kh8 17. Bd5 Nb6 18. Bf3 Nxf3+ 19. N2xf3 e5 20. Nc2 Be6 21. Rd1 Rfd8 22. Nb4 Qb5 23. a3 Na4 24. Qc2 Nc5 25. Nd2 Nb3 26. Nxb3 cxb3 27. Qc7 Re8 28. Rac1 Rac8 29. Qd6 Rxc1 30. Rxc1 Qxe2 31. Rc7 h5 32. Bc5 Qf3 0-1


[Site "https://www.chess.com"]

[Event "Titled Tuesday Blitz December 20 Early 2022"]
[White "Slovak_fighter2000"]
[Black "FMalexhdez"]
[WhiteElo "2466"]
[BlackElo "2290"]
[Result "1-0"]
[Round "04"]
[TimeControl "180+2"]
[Date "2022.12.20"]
[WhiteClock "0:00:38"]
[BlackClock "0:00:34"]

1. d4 Nf6 2. Nf3 e6 3. Bf4 d6 4. e3 b6 5. Nbd2 Bb7 6. Bd3 Nbd7 7. O-O Be7 8. h3 c5 9. c3 O-O 10. Bh2 Rc8 11. Qe2 Re8 12. a4 a5 13. Nc4 Nf8 14. e4 d5 15. exd5 exd5 16. Nce5 Ne4 17. Bb5 Ng6 18. Bxe8 Qxe8 19. Nxg6 hxg6 20. Rfe1 Bf6 21. Ne5 Qe7 22. f3 Nd6 23. Ng4 Qd7 24. Bxd6 Qxd6 25. Nxf6+ Qxf6 26. Qe5 cxd4 27. Qxf6 gxf6 28. cxd4 Rc2 29. Rab1 Bc6 30. Rec1 Bxa4 31. Rxc2 Bxc2 32. Rc1 Bd3 33. Kf2 a4 34. Rc6 b5 35. Rxf6 b4 36. Rb6 b3 37. Rb4 1-0


[Site "https://www.chess.com"]

[Event "Titled Tuesday Blitz December 20 Early 2022"]
[White "Sovetov, Oleksandr"]
[Black "Sunny_Star"]
[WhiteFideId "34105786"]
[WhiteElo "1976"]
[BlackElo "2241"]
[Result "1-0"]
[Round "04"]
[TimeControl "180+2"]
[Date "2022.12.20"]
[WhiteClock "0:01:14"]
[BlackClock "0:00:03"]

1. Nf3 Nf6 2. c4 e6 3. e3 d5 4. b3 Bd6 5. Bb2 c6 6. Nc3 O-O 7. Qc2 Nbd7 8. Rg1 e5 9. cxd5 cxd5 10. g4 e4 11. g5 Ne8 12. Nd4 Nc7 13. d3 exd3 14. Bxd3 g6 15. h4 Ne5 16. Be2 Re8 17. h5 Nc6 18. O-O-O Nxd4 19. Rxd4 Bf5 20. Bd3 Bxd3 21. Qxd3 Be5 22. hxg6 1-0


[Site "https://www.chess.com"]

[Event "Titled Tuesday Blitz December 20 Early 2022"]
[White "Steegersee"]
[Black "Carvalho, Heracles Elieser"]
[BlackFideId "22751114"]
[WhiteElo "2425"]
[BlackElo "1895"]
[Result "0-1"]
[Round "04"]
[TimeControl "180+2"]
[Date "2022.12.20"]
[WhiteClock "0:00:06"]
[BlackClock "0:00:10"]

1. b3 e5 2. Bb2 Nc6 3. e3 g6 4. Bb5 Bg7 5. Nf3 Nge7 6. d4 d6 7. dxe5 O-O 8. O-O dxe5 9. Qe2 e4 10. Nd4 Nxd4 11. exd4 Bf5 12. Qd2 Nd5 13. Be2 Re8 14. c4 e3 15. fxe3 Nxe3 16. Re1 Qg5 17. Bf3 Bh6 18. Nc3 Nc2 19. Qxg5 Bxg5 20. Rxe8+ Rxe8 21. Rd1 Nxd4 22. Bxb7 c6 23. Kh1 Re7 24. Na4 Bg4 25. Rb1 Nxb3 26. axb3 Rxb7 27. Bd4 Rd7 28. Bg1 Bf6 29. Nc5 Rd2 30. h3 Bf5 31. Re1 Kg7 32. Ne4 Bxe4 33. Rxe4 Rd1 34. Kh2 Rb1 35. Bxa7 Rxb3 36. c5 Rd3 37. Re8 Rd7 38. Bb6 Re7 39. Rc8 Re6 40. Bc7 Bd4 41. Bd6 Kf6 42. Rxc6 Be5+ 43. Bxe5+ Kxe5 44. Rc7 Rf6 45. h4 Kd5 46. Kh3 h5 47. g3 Rf5 0-1


[Site "https://www.chess.com"]

[Event "Titled Tuesday Blitz December 20 Early 2022"]
[White "Suduvasachmatai"]
[Black "Cuajada_Zero"]
[WhiteElo "2110"]
[BlackElo "2413"]
[Result "1-0"]
[Round "04"]
[TimeControl "180+2"]
[Date "2022.12.20"]
[WhiteClock "0:00:24"]
[BlackClock "0:00:05"]

1. e4 c6 2. Nf3 d5 3. Nc3 dxe4 4. Nxe4 Nf6 5. Qe2 Nxe4 6. Qxe4 Nd7 7. Bc4 Nf6 8. Qe2 Bf5 9. d3 e6 10. O-O a5 11. a4 Bd6 12. Bg5 h6 13. Bh4 Qc7 14. Bg3 Bxg3 15. fxg3 O-O 16. Ne5 Qb6+ 17. Kh1 Rad8 18. g4 Bh7 19. g5 hxg5 20. Qd2 g4 21. Rxf6 gxf6 22. Nxg4 Qxb2 23. Rf1 f5 24. Qg5+ Qg7 25. Nf6+ Kh8 26. Qh4 b5 27. Rf3 Qg6 28. Rg3 Kg7 29. Nxh7 bxc4 30. Nxf8 Rxf8 31. Rxg6+ Kxg6 32. Qxc4 Rb8 33. h4 Rb4 34. Qxc6 Rxh4+ 35. Kg1 Rb4 36. c3 Rb3 37. c4 Rxd3 38. Qb5 Rc3 39. c5 Kg5 40. Qxa5 Rc2 41. Qd8+ Kg4 42. Qd1+ 1-0


[Site "https://www.chess.com"]

[Event "Titled Tuesday Blitz December 20 Early 2022"]
[White "TigrVShlyape"]
[Black "Mac Intyre, Paul"]
[BlackFideId "2014505"]
[WhiteElo "2914"]
[BlackElo "2246"]
[Result "1-0"]
[Round "04"]
[TimeControl "180+2"]
[Date "2022.12.20"]
[WhiteClock "0:00:53"]
[BlackClock "0:00:02"]

1. e4 c5 2. Nf3 d6 3. d4 cxd4 4. Nxd4 Nf6 5. Nc3 a6 6. a4 e6 7. a5 Be7 8. Bd3 O-O 9. O-O Qc7 10. Be3 Bd7 11. f4 Nc6 12. Nxc6 Bxc6 13. Bb6 Qb8 14. Qe1 Nd7 15. Bd4 e5 16. Be3 exf4 17. Rxf4 Ne5 18. Qg3 Ng6 19. Rf5 Bh4 20. Qh3 Bd7 21. Nd5 Bd8 22. Qg3 Bxf5 23. exf5 Ne5 24. f6 Ng6 25. h4 Qc8 26. h5 Qe6 27. hxg6 hxg6 28. fxg7 Kxg7 29. Bd4+ Kg8 30. Nf4 Qd7 31. Nxg6 fxg6 32. Qxg6+ 1-0


[Site "https://www.chess.com"]

[Event "Titled Tuesday Blitz December 20 Early 2022"]
[White "Timofeeva, Galina"]
[Black "Castro Andrade, Seirbert Cristian"]
[WhiteFideId "14106175"]
[BlackFideId "3863336"]
[WhiteElo "1955"]
[BlackElo "1364"]
[Result "1-0"]
[Round "04"]
[TimeControl "180+2"]
[Date "2022.12.20"]
[WhiteClock "0:00:28"]
[BlackClock "0:00:36"]

1. d4 Nf6 2. Nc3 d5 3. Bf4 c5 4. e3 cxd4 5. exd4 a6 6. Nf3 Bf5 7. Ne5 Nbd7 8. g4 Nxe5 9. gxf5 Nc6 10. Qd2 Qd7 11. Bh3 g6 12. O-O-O gxf5 13. Rhe1 Bg7 14. Be5 e6 15. Bxf5 Nxe5 16. dxe5 Ng8 17. Bd3 Ne7 18. f4 O-O-O 19. Kb1 Kb8 20. h4 h5 21. Rg1 Bh6 22. Qf2 Rdg8 23. a3 Ng6 24. Ne2 Qe7 25. Rh1 Ka8 26. Rdf1 Qd8 27. Rh3 Bf8 28. Nd4 Qb6 29. Bxg6 Rxg6 30. Rb3 Qa7 31. f5 Rg4 32. c3 Bc5 33. fxe6 Bxd4 34. cxd4 fxe6 35. Qf6 Rb8 36. Qxe6 Qxd4 37. Ka2 Rxh4 38. Qd6 Qc4 39. Rf8 Rc8 40. Qe7 1-0


[Site "https://www.chess.com"]

[Event "Titled Tuesday Blitz December 20 Early 2022"]
[White "Toh, Terry"]
[Black "Alexei_Gubajdullin"]
[WhiteFideId "5800323"]
[WhiteElo "2394"]
[BlackElo "2625"]
[Result "1-0"]
[Round "04"]
[TimeControl "180+2"]
[Date "2022.12.20"]
[WhiteClock "0:01:07"]
[BlackClock "0:01:12"]

1. c4 Nf6 2. Nc3 g6 3. e4 d6 4. d4 Bg7 5. f3 O-O 6. Nge2 Na6 7. Be3 c5 8. Qd2 cxd4 9. Nxd4 Nc5 10. Be2 b6 11. O-O Bb7 12. Rad1 Rc8 13. Rfe1 Re8 14. Bf1 Qc7 15. Rc1 Qb8 16. b3 a6 17. Red1 e6 18. Nde2 Red8 19. Ng3 d5 20. cxd5 exd5 21. Bf4 Qa7 22. e5 Nfd7 23. Nxd5 Nxe5 24. Ne7+ Kf8 25. Nxc8 Rxc8 26. Qd6+ Kg8 27. Bxe5 b5 28. Rxc5 Rxc5 29. Qb8+ Qxb8 30. Bxb8 Bf6 31. Bf4 Rc2 32. Bh6 Bc8 33. Rc1 Bd4+ 34. Kh1 Rxc1 35. Bxc1 f5 36. Ne2 Be5 37. Bd2 Kf7 38. f4 Bf6 39. Bc3 Be7 40. g3 b4 41. Bd4 a5 42. Bg2 Bd7 43. Bd5+ Kf8 44. Kg2 a4 45. bxa4 Bxa4 46. Kf3 Bd1 47. Ke3 Bd6 48. Bb3 Bxb3 49. axb3 h6 50. Nc1 g5 51. Nd3 Kf7 52. Bc5 Bc7 53. Nxb4 Kg6 54. Nd5 Bb8 55. Bd4 Kh5 56. Kf3 Bd6 57. h3 gxf4 58. Nxf4+ Kg5 59. Bc3 h5 60. h4+ Kh6 61. b4 Bc7 62. b5 Bb6 63. Nd5 Bc5 64. b6 Bd6 65. b7 Kg6 66. Ba5 Bb8 67. Bc7 Ba7 68. b8=Q Bxb8 69. Bxb8 Kf7 70. Kf4 Ke6 71. Ne3 Kf6 72. Be5+ Kg6 73. Nxf5 Kh7 74. Kg5 Kg8 75. Kxh5 Kf7 76. Kg5 Ke6 77. Bf4 Kf7 78. h5 Kg8 79. h6 Kh7 80. g4 Kg8 81. Kg6 Kf8 82. h7 Ke8 83. h8=Q+ Kd7 84. Qg7+ Kc6 85. Qd4 Kb5 86. Qc3 Kb6 87. Kf6 Kb5 88. Ke6 Kb6 89. g5 Kb5 90. g6 Kb6 91. g7 Kb5 92. g8=Q Kb6 93. Qb8+ Ka6 94. Qa1# 1-0


[Site "https://www.chess.com"]

[Event "Titled Tuesday Blitz December 20 Early 2022"]
[White "Tologon tegin, Semetei"]
[Black "Begmuratov, Khumoyun"]
[WhiteFideId "13800574"]
[BlackFideId "14210207"]
[WhiteElo "2372"]
[BlackElo "2387"]
[Result "0-1"]
[Round "04"]
[TimeControl "180+2"]
[Date "2022.12.20"]
[WhiteClock "0:00:10"]
[BlackClock "0:00:07"]

1. e4 e5 2. Nc3 Nf6 3. f4 d6 4. Nf3 Nc6 5. Bc4 Be7 6. d3 O-O 7. O-O exf4 8. Bxf4 Na5 9. Bb3 Nxb3 10. axb3 Be6 11. Nd4 Qd7 12. Bg5 Ne8 13. Qd2 Bxg5 14. Qxg5 f6 15. Qh4 c6 16. Rf3 Nc7 17. Raf1 d5 18. Nf5 dxe4 19. Nxe4 Bxf5 20. Rxf5 Qd4+ 21. Kh1 Qxb2 22. Qg3 Ne8 23. Rh5 Qxc2 24. Qh3 h6 25. Qe6+ Kh8 26. Qe7 Rg8 27. Rh3 Qe2 28. Rhf3 Rc8 29. Qxb7 Rc7 30. Qb4 c5 31. Qc4 Re7 32. Qd5 Re5 33. Qd7 a5 34. Qh3 Qb2 35. Nxf6 Nxf6 36. Rxf6 Re7 37. R6f3 Qxb3 38. Qf5 Qe6 39. Qxc5 a4 40. Qa5 Qb3 41. d4 Qc4 42. d5 Re5 43. h3 Rxd5 44. Qa7 Qc6 45. Rf7 Rdd8 46. Qf2 Qg6 47. Qf3 a3 48. Ra7 Qe6 49. Rxa3 Rde8 50. Rd3 Qg6 51. Qg3 Qe6 52. Rfd1 Qc6 53. Kh2 Qc2 54. R1d2 Qc4 55. Rd6 Qf7 56. R2d4 Kh7 57. Rh4 Re6 58. Qd3+ Kh8 59. Rd5 Qc7+ 60. Qg3 Qf7 61. Rdh5 Rf6 62. Qe3 Rf8 63. Rxh6+ gxh6 64. Rxh6+ Rxh6 65. Qxh6+ Kg8 66. Qg5+ Qg7 67. Qd5+ Rf7 68. Qd8+ Kh7 69. Qh4+ Qh6 70. Qe4+ Qg6 71. Qh4+ Kg8 72. Qd8+ Rf8 73. Qd5+ Kg7 74. Qd7+ Rf7 75. Qd4+ Qf6 76. Qg4+ Kh6 0-1


[Site "https://www.chess.com"]

[Event "Titled Tuesday Blitz December 20 Early 2022"]
[White "Tomescu, Vlad"]
[Black "Abd El Fatah, Reda Fadel"]
[WhiteFideId "1201026"]
[BlackFideId "10600752"]
[WhiteElo "2323"]
[BlackElo "2134"]
[Result "1/2-1/2"]
[Round "04"]
[TimeControl "180+2"]
[Date "2022.12.20"]
[WhiteClock "0:00:09"]
[BlackClock "0:00:53"]

1. Nf3 Nf6 2. c4 d6 3. b3 g6 4. Bb2 Bg7 5. g3 O-O 6. Bg2 c5 7. O-O Nc6 8. d4 cxd4 9. Nxd4 Nxd4 10. Qxd4 Qc7 11. Nc3 Be6 12. Rac1 a6 13. Nd5 Bxd5 14. cxd5 Qd7 15. Rc2 Rac8 16. Rfc1 Rxc2 17. Rxc2 Rc8 18. Rxc8+ Qxc8 19. Qc3 Qxc3 20. Bxc3 Nd7 21. Bd2 Bd4 22. e3 Bb6 23. Kf1 f5 24. e4 fxe4 25. Bxe4 Bd4 26. Bg2 Kg7 27. Bh3 Nb6 28. Be6 Kf6 29. Ke2 g5 30. f4 gxf4 31. Bxf4 a5 32. a4 Na8 33. Kd3 Be5 34. Bd2 b6 35. Ke4 Nc7 36. Bd7 Na6 37. Be3 Nc5+ 38. Bxc5 bxc5 39. Be6 Kg5 40. Kf3 h6 41. h4+ Kf6 42. g4 Bc3 43. Ke4 Be1 44. h5 Kg5 45. Bf5 Kh4 46. Be6 Bd2 47. Kf5 Bg5 48. Ke4 Kg3 49. Bf5 Kf2 50. Kd3 Ke1 51. Kc4 Kd1 52. Be6 Kc2 53. Bf5+ Kb2 54. Be6 Ka3 55. Bf5 Bf6 56. Be6 Be5 57. Bf5 Ka2 58. Be6 Kb2 59. Bf5 Bf4 60. Be6 Bg3 61. Bf5 Be1 62. Be6 Bd2 63. Bf5 Bg5 64. Be6 Kc1 65. Bf5 1/2-1/2


[Site "https://www.chess.com"]

[Event "Titled Tuesday Blitz December 20 Early 2022"]
[White "Truequitos"]
[Black "AlexPapasimakopoulos"]
[WhiteElo "2536"]
[BlackElo "2708"]
[Result "0-1"]
[Round "04"]
[TimeControl "180+2"]
[Date "2022.12.20"]
[WhiteClock "0:00:03"]
[BlackClock "0:00:12"]

1. d4 e6 2. Nf3 Nf6 3. g3 b5 4. a4 b4 5. a5 Bb7 6. Bg2 Na6 7. O-O c5 8. c3 bxc3 9. bxc3 Be7 10. Qd3 cxd4 11. cxd4 Nb4 12. Qd1 O-O 13. Ne5 Bxg2 14. Kxg2 d6 15. Nd3 Nc6 16. Qa4 Qd7 17. Na3 Rfc8 18. Bd2 Qb7 19. f3 a6 20. Rab1 Qa7 21. Rb6 Nb8 22. Rfb1 Qd7 23. Qb3 Nc6 24. e3 Bd8 25. Rb7 Rc7 26. Nc4 Nd5 27. Nb6 Rxb7 28. Nxd7 Rxb3 29. Rxb3 Bxa5 30. Bc1 Rd8 31. Rb7 Nc7 32. Nb6 Bxb6 33. Rxb6 Na5 34. Nb4 Kf8 35. Nxa6 Nxa6 36. Rxa6 Nc4 37. Rc6 d5 38. e4 h6 39. exd5 exd5 40. g4 Kg8 41. Kg3 Ra8 42. Rc5 g5 43. Rxd5 Ra1 44. Rc5 Rxc1 45. d5 Kf8 46. Rc7 Rc2 47. d6 Ne3 48. d7 Ke7 49. d8=Q+ Kxd8 50. Rxf7 Nd5 51. Rh7 Nf4 52. Rh8+ Ke7 53. Rh7+ Kf8 0-1


[Site "https://www.chess.com"]